AoeStats
← IsraDguez

Arabia

509765110Analyzed
1v1 RM · 5d ago on Sep 27, 2026· 62m 26s· 2 players
Game mode
Random Map
Map size
Tiny (2 player)
Population
200
Speed
Normal
Resources
Standard
Victory
Conquest
Starting age
Dark Age
Ending age
Imperial Age
RankedLock teamsTeams togetherTeam positionsShared explorationLock speedFull tech treeHidden civsTurbo modeCheats
Victory
Defeat
🇺🇸 Saxons · United States
859
+15
🇲🇽 Maya · Mexico
847
-15
IsraDguez
0:30 Loom
9:34 Feudal Age
15:26 Fletching
20:50 Castle Age
20:20 Scale Mail Armor
21:26 Padded Archer Armor
21:13 Pikeman
21:52 Gold Mining
21:40 Crossbowman
23:09 Chain Mail Armor
25:31 Eagle Warrior
26:12 Squires
27:27 Wheelbarrow
27:54 Thumb Ring
31:34 Double-Bit Axe
34:01 Ballistics
34:59 Forging
38:33 Imperial Age
36:58 Bodkin Arrow
39:17 Hand Cart
38:56 Capped Ram
40:48 Plate Mail Armor
40:08 Horse Collar
41:45 Iron Casting
42:29 Man-at-Arms
44:32 Blast Furnace
43:13 Long Swordsman
43:56 Arbalester
45:06 Two-Handed Swordsman
46:49 Chemistry
46:34 Bracer
46:21 Siege Ram
50:39 Holcans
49:50 Elite Eagle Warrior
55:05 Conscription
GladiusDecimus
11:47 Feudal Age
12:15 Horse Collar
12:22 Double-Bit Axe
12:55 Loom
14:23 Town Watch
18:59 Castle Age
20:54 Scale Mail Armor
21:02 Stone Mining
21:51 Bow Saw
21:45 Heavy Plow
26:03 Arson
26:18 Squires
26:34 Gold Mining
27:06 Elite Skirmisher
30:30 Thumb Ring
30:19 Fletching
30:30 Padded Archer Armor
31:41 Wheelbarrow
37:14 Imperial Age
36:37 Gold Shaft Mining
37:41 Chain Mail Armor
37:37 Forging
38:15 Hand Cart
39:17 Two-Man Saw
38:50 Gambesons
39:39 Plate Mail Armor
43:07 Town Patrol
42:40 Man-at-Arms
44:49 Long Swordsman
45:41 Two-Handed Swordsman
48:20 Champion
50:06 Iron Casting
49:27 Bodkin Arrow
49:47 Leather Archer Armor
51:20 Chemistry
50:41 Ballistics
50:32 Masonry
54:03 Shield Wall
55:43 Conscription
Connection lost

Rejoining the realm…

Still unreachable

The connection could not be restored.

Session expired

The server has moved on; the page needs a fresh start.